 Dungeon Crawl Stone Soup version 0.29.0-11-gd7f09526c8 (webtiles) character file.

Game seed: 2174046123803984879

4370 greasedhog the Basher (level 10, -8/83 HPs)
             Began as a Meteoran Berserker on Sept 6, 2022.
             Was a Priest of Trog.
             Mangled by an orc warrior
             ... wielding a +0 glaive
              (12 damage)
             ... in a bailey.
             The game lasted 00:07:46 (3862 turns).

greasedhog the Basher (Meteoran Berserker)          Turns: 3862, Time: 00:07:47

Health: -8/83      AC: 10    Str: 22    XL:     10   Next: 91%
Magic:  11/11      EV: 14    Int: 10    God:    Trog [***...]
Gold:   228        SH:  5    Dex: 14    Spells: 9/9 levels left

rFire   . . .      SeeInvis .   m - +2 dire flail (drain)
rCold   . . .      Faith    .   (shield currently unavailable)
rNeg    . . .      Spirit   .   o - +0 scale mail
rPois   .          Reflect  +   (no helmet)
rElec   .          Harm     .   (no cloak)
rCorr   .          Rampage  .   z - +0 pair of gloves
Will    +....                   t - +1 pair of boots
Stlth   ..........              i - amulet of reflection
HPRegen 0.23/turn               (no ring)
MPRegen 0.12/turn               (no ring)

@: on berserk cooldown, slowed, glowing, very slow
A: sense surroundings 2, otherworldly, glowing, explore regen
a: Renounce Religion, Berserk, Trog's Hand


You were in a bailey.
You worshipped Trog.
Trog was most pleased with you.
You visited 1 branch of the dungeon, and saw 9 of its levels.
You also visited: Bailey.

You collected 421 gold pieces.
You spent 193 gold pieces at shops.

Inventory:

Hand Weapons
 m - a +2 dire flail of draining (weapon)
Armour
 o - a +0 scale mail (worn)
 t - a +1 pair of boots (worn)
 z - a +0 pair of gloves (worn)
Jewellery
 f - a ring of magical power
 i - an amulet of reflection (around neck)
 q - a +6 ring of dexterity
 s - a ring of see invisible
 w - an amulet of the acrobat
Wands
 e - a wand of roots (9)
 p - a wand of flame (6)
 x - a wand of charming (4)
Scrolls
 b - a scroll of teleportation
 c - a scroll of torment
 d - a scroll of brand weapon
 h - a scroll of silence
 j - a scroll of fear
 n - 3 scrolls of blinking {unknown}
 u - a scroll of fog {unknown}
Potions
 a - 4 potions of heal wounds
 g - 2 potions of attraction
 k - 2 potions of haste {unknown}
 l - a potion of might {unknown}
 r - a potion of lignification {unknown}
 v - a potion of resistance {unknown}
 A - a potion of invisibility {unknown}


   Skills:
 - Level 5.7 Fighting
 * Level 11.8 Maces & Flails
 - Level 5.0 Armour
 * Level 9.7 Dodging
 * Level 8.4 Evocations


You had 9 spell levels left.
You didn't know any spells.
Your spell library was empty.

Dungeon Overview and Level Annotations

Branches:
Dungeon (9/15) Zot: 1681   Temple (0/1) D:5            Lair (0/5) D:9
 Bailey (1/1) Zot: 416
    Orc: D:9-12

Altars:
Okawaru
Uskayaw
Xom
Zin

Shops:
D:9 *[*

Annotations:
D:5 1 runed translucent door, Crazy Yiuf


Innate Abilities, Weirdness & Mutations

You passively map the area around you.
You are easily found by Zot.
You glow in the dark.
You regain HP and MP as you explore.


Message History

The centaur shouts!
You bludgeon the orc warrior!!
The orc warrior is severely wounded.
You block the orc warrior's attack.
The orc warrior hits you with a +0 trident.
You barely miss the orc warrior.
The orc warrior is severely wounded.
The orc warrior hits you from afar with a +0 glaive.
The orc warrior misses you. The orc barely misses you.
The orc closely misses you.
You puncture the orc warrior! You drain the orc warrior.
You kill the orc warrior!
Trog accepts your kill.
The orc hits you from afar with a +0 spear.
The orc warrior hits you from afar with a +0 glaive!
The orc hits you from afar with a +0 trident.
Found 3 scrolls of enchant weapon.
The centaur closely misses you. You block the centaur's attack.
The orc warrior hits you with a +0 glaive!
You block the orc's attack.
The orc warrior hits you with a +0 spear!
The centaur throws a javelin.
The javelin barely misses you.
The javelin pierces through the orc!
The orc dies!
The centaur misses you.
The orc warrior attacks as you move away!
The orc warrior hits you with a +0 glaive!
The orc barely misses you.
The orc warrior hits you from afar with a +0 glaive.
The orc warrior hits you but does no damage.
The orc warrior hits you from afar with a +0 spear!
* * * LOW HITPOINT WARNING * * *
The orc closely misses you. You block the orc warrior's attack.
The orc warrior hits you from afar with a +0 glaive!
* * * LOW HITPOINT WARNING * * *
Okay, then.
The orc warrior hits you from afar with a +0 spear!
* * * LOW HITPOINT WARNING * * *
The orc warrior hits you from afar with a +0 glaive!
You die...

######⌠.......#≈≈≈≈≈≈≈..≈≈≈ ~
~
)....#####....#≈≈≈≈≈..≈≈≈..,,
≈≈≈≈≈....##...#≈≈≈≈.≈≈≈....
...)≈≈≈.⌠.#...#≈≈≈≈.≈......
,,
≈≈≈≈))≈≈..#...#≈≈≈.≈≈.⌠.... ,
, ...≈≈≈)≈≈.#⌠..#≈≈≈c≈.......
,, ,
≈≈≈..≈≈)≈.##..#≈≈c≈≈....≈≈≈~
..≈≈≈.≈)≈≈.#..#####.).≈≈≈~~~
~
.⌠..≈.≈≈.≈.#..'.@.oo.≈≈≈~≈≈~
~ ∩∩..≈....≈.#..'...o..≈≈≈~~?
~ .⌠..≈.≈≈.≈.#..'...o..≈≈≈~≈≈
~~
..≈≈≈.≈.≈≈.#..#####...≈≈≈~~ ~
~ ≈≈≈..≈≈.≈.##..# ≈≈....≈≈≈ ~
...≈≈≈.≈≈.#⌠..# .≈.......,
≈≈≈≈..≈≈..#...# .≈≈.⌠.... , ,
....≈≈≈.⌠.#...# ~~ .≈..... ,
≈≈≈≈≈....## , ~ ~ ,, , ~


You could see 3 orc warriors and an orc.

Vanquished Creatures
  Maggie (D:8)
  2 trolls (D:9)
  A hornet (D:8)
  Grinder (D:5)
  4 yaks (D:6)
  A basilisk (D:9)
  Menkaure (D:7)
  Edmund (D:5)
  2 water moccasins (D:8)
  3 orc warriors (Bailey)
  2 ice beasts (D:7)
  An ogre (D:5)
  3 centaurs
  4 bullfrogs
  2 scorpions (D:5)
  5 wights (D:9)
  9 killer bees
  A hound (D:6)
  3 iguanas
  An orc priest (D:7)
  3 gnolls (D:5)
  5 adders
  An ufetubus (D:5)
  A worm (D:3)
  A dart slug (D:5)
  22 orcs
  7 endoplasms
  3 giant cockroaches
  3 goblins
  4 hobgoblins
  7 jackals (D:2)
  A quokka (D:4)
  7 ball pythons
  4 bats
  3 frilled lizards
  6 kobolds
  4 rats
130 creatures vanquished.

Vanquished Creatures (others)
  An orc (Bailey)
1 creature vanquished.

Grand Total: 131 creatures vanquished

Notes
Turn   | Place    | Note
-------+----------+-------------------------------------------
     0 | D:1      | greasedhog the Meteoran Berserker began the quest for the
                  | Orb.
     0 | D:1      | Reached XP level 1. HP: 19/19 MP: 2/2
    26 | D:1      | Reached XP level 2. HP: 26/26 MP: 3/3
   163 | D:1      | Found a faded altar of an unknown god.
   174 | D:1      | Reached XP level 3. HP: 30/33 MP: 4/4
   315 | D:2      | Found a hide-covered altar of Uskayaw.
   370 | D:2      | Reached ** piety under Trog
   654 | D:2      | Reached XP level 4. HP: 40/40 MP: 5/5
   952 | D:3      | Found a faded altar of an unknown god.
   956 | D:3      | Found an iron altar of Okawaru.
  1064 | D:4      | Reached skill level 5 in Maces & Flails
  1064 | D:4      | Reached XP level 5. HP: 10/47 MP: 6/6
  1283 | D:4      | Found a glowing silver altar of Zin.
  1482 | D:5      | Entered Level 5 of the Dungeon
  1515 | D:5      | Reached XP level 6. HP: 53/53 MP: 7/7
  1603 | D:5      | Found a runed translucent door.
  1604 | D:5      | Noticed Crazy Yiuf
  1647 | D:5      | Noticed Grinder
  1658 | D:5      | Killed Grinder
  1659 | D:5      | Reached skill level 5 in Fighting
  1659 | D:5      | Reached skill level 6 in Maces & Flails
  1659 | D:5      | Reached XP level 7. HP: 61/61 MP: 8/8
  1684 | D:5      | Noticed Edmund
  1707 | D:5      | Killed Edmund
  1708 | D:5      | Reached skill level 7 in Maces & Flails
  1708 | D:5      | Reached XP level 8. HP: 65/70 MP: 9/9
  1735 | D:5      | Found a staircase to the Ecumenical Temple.
  1792 | D:5      | Reached skill level 5 in Armour
  1820 | D:6      | Noticed a yak
  1823 | D:6      | Killed a yak
  1824 | D:6      | Reached skill level 5 in Dodging
  1824 | D:6      | Reached skill level 1 in Evocations
  1825 | D:6      | Noticed a yak
  1826 | D:6      | Noticed a yak
  1827 | D:6      | Noticed a yak
  1832 | D:6      | Reached skill level 8 in Maces & Flails
  1837 | D:6      | Killed a yak
  1840 | D:6      | Killed a yak
  1841 | D:6      | Gained mutation: You passively map the area around you.
                  | [Meteoran growth]
  1841 | D:6      | Reached XP level 9. HP: 68/75 MP: 10/10
  1853 | D:6      | You fall into a shaft and drop 1 floor!
  1891 | D:7      | Reached skill level 9 in Maces & Flails
  1920 | D:7      | Reached *** piety under Trog
  2161 | D:7      | Noticed Menkaure
  2166 | D:7      | Killed Menkaure
  2167 | D:7      | Reached skill level 5 in Evocations
  2520 | D:7      | Reached skill level 10 in Maces & Flails
  2828 | D:8      | Noticed a hornet
  2832 | D:8      | Paralysed by a hornet for 1 turns
  2836 | D:8      | Paralysed by a hornet for 3 turns
  2841 | D:8      | Killed a hornet
  2842 | D:8      | Reached XP level 10. HP: 33/83 MP: 11/11
  2943 | D:8      | Noticed Maggie
  2955 | D:8      | Killed Maggie
  3065 | D:8      | Found a shimmering altar of Xom.
  3216 | D:9      | Found Uragre's Overcharged Wands.
  3249 | D:9      | Reached skill level 11 in Maces & Flails
  3276 | D:9      | Found Fraech's Dragon-Slaying Spoils.
  3592 | D:9      | Found Amiseb's Assorted Antiques.
  3612 | D:9      | Bought a scroll labelled BYTEAG VAZYCO for 17 gold pieces
  3612 | D:9      | Bought a small golden amulet for 85 gold pieces
  3612 | D:9      | Bought an inky potion for 15 gold pieces
  3612 | D:9      | Bought a pair of gloves for 76 gold pieces
  3658 | D:9      | Found a flagged portal.
  3683 | Bailey   | Entered a bailey
  3862 | Bailey   | HP: 4/83 [orc warrior/+0 spear (9)]
  3862 | Bailey   | Mangled by an orc warrior

Illustrated notes

Levels and vault maps discovered:
D:1:      tarquinn_simple_flora_water_d, layout_basic,
          hellmonk_ecumenical_altar_blasted, minmay_strange_pillars,
          chequers_mini_garden, minmay_close_crescents
D:2:      layout_basic, basic_altar, minmay_tromino_v7
D:3:      layout_loops_cross, nicolae_overflow_ecumenical_swirl,
          grunt_ministairs_7, hex_large, nicolae_kite_square_tiling_tiny,
          minmay_misc_feat_enclosed
D:4:      layout_layer_cave, mainiacjoe_overflow_brackets,
          eat_drink_and_be_merry_uskayaw
D:5:      layout_loops_corners, temple_fountains, uniq_ijyb, uniq_grinder,
          uniq_edmund, uniq_crazy_yiuf_cottage
D:6:      layout_basic, lemuel_crystal_altar, serial_shops, shop,
          due_unseen_surprise
D:7:      layout_basic, uniq_menkaure
D:8:      layout_basic, kennysheep_mini, minmay_misc_feat_chi, uniq_maggie
D:9:      layout_long_grid, lair_entry_dummy, enter_bailey_6, serial_shops,
          nicolae_shop_advertising_works [nicolae_subvault_shop_adworks],
          nicolae_shop_dragon_depot, hangedman_abyss_or_decor_jellyfish_corner,
          minmay_misc_feat_rugged, nicolae_shop_overcharged_wands
Bailey:   bailey_polearm_flooded_kennysheep, bailey

Skill      XL: |  1  2  3  4  5  6  7  8  9 10 |
---------------+-------------------------------+-----
Fighting       | 4 5 |  5.7
Armour         | 3 4 5 |  5.0
Dodging        | 3 4 6 7 9 |  9.7
Maces & Flails | 5 6 7 8 10 11 | 11.8
Evocations     | 3 6 8 |  8.4

Action                   |  1- 3 |  4- 6 |  7- 9 | 10-12 || total
-------------------------+-------+-------+-------+-------++-------
Melee: Mace              |    78 |       |       |       ||    78
       Flail             |    18 |    67 |     6 |       ||    91
       Punch             |       |     1 |     1 |       ||     2
       Dire flail        |       |       |   117 |   118 ||   235
Invok: Berserk           |     1 |     1 |     2 |     2 ||     6
       Trog's Hand       |       |       |     1 |     2 ||     3
Evoke: Wand              |       |       |     4 |       ||     4
  Use: Scroll            |     2 |     2 |     2 |     1 ||     7
       Potion            |       |       |       |     1 ||     1
Armor: Animal skin       |     5 |       |       |       ||     5
       Leather armour    |     7 |       |       |       ||     7
       Ring mail         |    27 |    23 |    13 |       ||    63
       Scale mail        |       |       |    12 |    40 ||    52
Dodge: Dodged            |    62 |    31 |    35 |   100 ||   228
Block: Other             |       |     3 |    22 |    34 ||    59
